 Dungeon Crawl Stone Soup version 0.31-a0-986-g5e6e4ef867 (webtiles) character file.

Game seed: 12318653897522412620

49 Sanktem7 the Digger (level 3, 0/19 HPs)
             Began as a Gargoyle Earth Elementalist on Nov 10, 2023.
             Slain by a goblin
             ... wielding a +3 dagger
             ... led by Robin
              (5 damage)
             ... on level 2 of the Dungeon.
             The game lasted 00:06:51 (1234 turns).

Sanktem7 the Digger (Gargoyle Earth Elementalist)   Turns: 1234, Time: 00:06:51

Health: 0/19       AC:  5    Str: 11    XL:     3   Next: 77%
Magic:  1/6        EV: 12    Int: 17    God:
Gold:   85         SH:  0    Dex: 10    Spells: 5/6 levels left

rFire   + . .        (no weapon)
rCold   . . .        (no shield)
rNeg    + . .        a - +0 robe
rPois   ∞            (no helmet)
rElec   +            (no cloak)
rCorr   .            (no gloves)
SInv    .            (no boots)
Will    .....        (no amulet)
Stlth   ++           c - ring of protection from fire
HPRegen 0.23/turn    h - ring of wizardry
MPRegen 0.10/turn

%: wizardry (x1)
@: no status effects
A: sickness immunity, AC +3, negative energy resistance 1, electricity
resistance, torment resistance 1, petrification resistance
a: no special abilities


You were on level 2 of the Dungeon.
You visited 1 branch of the dungeon, and saw 2 of its levels.

You collected 85 gold pieces.


Innate Abilities, Weirdness & Mutations

You are immune to sickness and miasma.
Your stone body is resilient. (AC +3)
You are immune to poison.
You resist negative energy. (rN+)
You are resistant to electric shocks. (rElec)
You are resistant to unholy torment.
You are immune to petrification.


   Skills:
 + Level 1.9 Dodging
 + Level 2.6 Stealth
 + Level 2.2 Spellcasting
 + Level 1.2 Transmutations
 * Level 4.5 Earth Magic


You had 5 spell levels left.
You knew the following spells:

 Your Spells              Type           Power      Damage    Failure   Level
a - Sandblast             Erth           34%        2d9       1%          1

Your spell library contained the following spells:

 Spells                   Type           Power      Damage    Failure   Level
 Passwall                 Tmut/Erth      9%         N/A       3%          2
 Stone Arrow              Conj/Erth      18%        3d8       9%          3
 Ensorcelled Hibernation  Hex/Ice        2%         N/A       12%         2
 Hailstorm                Conj/Ice       1%         3d3       22%         3
 Swiftness                Air            1%         N/A       22%         3
 Petrify                  Tmut/Erth      11%        N/A       22%         4
 Brom's Barrelling Bould  Conj/Erth      9%         2d3       28%         4
 Summon Ice Beast         Ice/Summ       1%         N/A       56%         4
 Simulacrum               Ice/Necr       0%         N/A       100%        6

Inventory:

Hand Weapons
 d - a +0 club {mace}
   (You took it off a kobold on level 1 of the Dungeon)
 e - a +0 whip {mace}
   (You found it on level 1 of the Dungeon)
 f - a +0 quarterstaff {staff}
   (You found it on level 1 of the Dungeon)
 i - a +0 quarterstaff {staff}
   (You found it on level 1 of the Dungeon)
 k - a +0 dagger {short}
   (You took it off a kobold on level 1 of the Dungeon)
 l - a +0 dagger {short}
   (You took it off a goblin on level 1 of the Dungeon)
 m - a +0 morningstar {mace}
   (You found it on level 2 of the Dungeon)
Missiles
 g - 4 poisoned darts {throwing}
Armour
 a - a +0 robe (worn)
Jewellery
 c - a ring of protection from fire (left hand)
   (You found it on level 1 of the Dungeon)
 h - a ring of wizardry (right hand)
   (You found it on level 1 of the Dungeon)
Scrolls
 j - a scroll of brand weapon {unknown}
 n - a scroll of identify {unknown}
 o - a scroll of teleportation {unknown}
Potions
 b - a potion of magic
 p - a potion of berserk rage {unknown}

Dungeon Overview and Level Annotations

Branches:
Dungeon (2/15) Zot: 10745

Altars:

Annotations:
D:2 Robin

... ### .#.# ##.#.### #
#..#.#.### #.#.##.....
#.#.##.#.########
#........†......####
#######.##.#.######.....
...##g@...#......######
## #.#S#.#########.#
..$####g)###.##
#......g## ##.#
##....#..###..#
#.###..#g#.#.# #
#>....##.# #?.......#
....#.##g##$###


You could see a hobgoblin (strong), 2 goblins and a ball python.


Message History

The frilled lizard hisses angrily.
You hear a shout!
A goblin comes into view. It is wielding a +0 club.
You see here 10 gold pieces.
A hobgoblin comes into view.
Casting: Sandblast (safe; 1% risk of failure)
Confirm with . or Enter, or press ? or * to list all spells.
Aiming: Sandblast (safe; 1% risk of failure)
Press: ? - help, Shift-Dir - straight line, f - frilled lizard
Aim: a frilled lizard (70% to hit)
The blast of sand hits the frilled lizard!
You kill the frilled lizard!
The goblin shouts!
You hear a shout! x3
A goblin comes into view. It is wielding a +0 dagger.
A goblin comes into view. It is wielding a +3 dagger. 😎 MP[-1]
You lost 1 mp, and now have 4/6 mp.
Casting: Sandblast (safe; 1% risk of failure)
Confirm with . or Enter, or press ? or * to list all spells.
Aiming: Sandblast (safe; 1% risk of failure)
Press: ? - help, Shift-Dir - straight line, f - goblin
Aim: a goblin, wielding a +0 club (77% to hit)
The blast of sand hits the goblin!
You kill the goblin!
The goblin shouts!
Casting: Sandblast (safe; 1% risk of failure)
Confirm with . or Enter, or press ? or * to list all spells.
Aiming: Sandblast (safe; 1% risk of failure)
Press: ? - help, Shift-Dir - straight line, f - hobgoblin
Aim: a hobgoblin (82% to hit)
The blast of sand hits the hobgoblin.
Robin of the Strong Arm comes into view.
They are wielding a +0 short sword. 😎 MP[-1]
You lost 1 mp, and now have 3/6 mp.
Casting: Sandblast (safe; 1% risk of failure)
Confirm with . or Enter, or press ? or * to list all spells.
Aiming: Sandblast (safe; 1% risk of failure)
Press: ? - help, Shift-Dir - straight line, f/p - hobgoblin
Aim: a hobgoblin (moderately wounded, 82% to hit)
The blast of sand hits the hobgoblin but does no damage.
The hobgoblin hits you but does no damage.
A goblin comes into view. It is wielding a +0 club.
Robin roars a battlecry!
The goblins go into a battle-frenzy!
You hear a shout! x2 😎 MP[-1]
You lost 1 mp, and now have 2/6 mp.
Casting: Sandblast (safe; 1% risk of failure)
Confirm with . or Enter, or press ? or * to list all spells.
Aiming: Sandblast (safe; 1% risk of failure)
Press: ? - help, Shift-Dir - straight line, f/p - hobgoblin
Aim: a hobgoblin (moderately wounded, strong, 82% to hit)
The blast of sand hits the hobgoblin!
You kill the hobgoblin!
Robin throws the goblin at you!
A hobgoblin comes into view.
The goblin closely misses you.
The goblin hits you with a +0 club. 😮 HP[-7] MP[-1]
You take 7 damage, and now have 12/19 hp.
MASSIVE DAMAGE!! (PAUSE)
You lost 1 mp, and now have 1/6 mp.
The goblin hits you but does no damage. The goblin hits you with a +0 dagger.
* * * LOW HITPOINT WARNING * * *
😨 HP[-3]
You take 3 damage, and now have 9/19 hp.
A goblin comes into view. It is wielding a +0 dagger.
The goblin attacks as it pursues you! The goblin closely misses you.
The goblin attacks as it pursues you! The goblin hits you but does no damage.
A ball python comes into view.
The goblin attacks as it pursues you! The goblin hits you with a +0 dagger.
* * * LOW HITPOINT WARNING * * *
😨 HP[-4] MP[+1]
You take 4 damage, and now have 5/19 hp.
MASSIVE DAMAGE!! (PAUSE)
The ball python hisses angrily.
The goblin attacks as it pursues you! The goblin closely misses you.
The goblin misses you. The goblin attacks as it pursues you!
The goblin hits you with a +0 dagger.
* * * LOW HITPOINT WARNING * * *
😱 HP[-1]
You take 1 damage, and now have 4/19 hp.
Casting: Sandblast (safe; 1% risk of failure)
Confirm with . or Enter, or press ? or * to list all spells.
Aiming: Sandblast (safe; 1% risk of failure)
Press: ? - help, Shift-Dir - straight line, f - goblin
Aim: a goblin, wielding a +0 dagger (strong, 77% to hit)
The blast of sand hits the goblin!
You kill the goblin! 😱 MP[-1]
You lost 1 mp, and now have 1/6 mp.
Casting: Sandblast (safe; 1% risk of failure)
Confirm with . or Enter, or press ? or * to list all spells.
Aiming: Sandblast (safe; 1% risk of failure)
Press: ? - help, Shift-Dir - straight line, f - goblin
Aim: a goblin, wielding a +3 dagger (strong, 77% to hit)
The blast of sand hits the goblin.
The goblin closely misses you. 😨 HP[+1] MP[-1]
You lost 1 mp, and now have 0/6 mp.
Unknown command.
The goblin hits you with a +3 dagger.
You die...

Skill      XL: |  1  2 |
---------------+-------+-----
Transmutations | 1 |  1.2
Earth Magic    | 4 |  4.5
Dodging        | |  1.9
Stealth        | |  2.6
Spellcasting   | |  2.2

Action                     || total
---------------------------++-------
   Cast: Sandblast         ||    42
 Armour: Robe              ||    18
  Dodge: Dodged            ||    15

Levels and vault maps discovered:
D:1:      nzn_arrival_crosshair, layout_loops_corners, roderic_st_hans_cross
D:2:      layout_loops_cross, uniq_jessica, uniq_robin

Notes
Turn   | Place    | Note
-------+----------+-------------------------------------------
     0 | D:1      | Sanktem7 the Gargoyle Earth Elementalist began the quest
                  | for the Orb.
     0 | D:1      | Reached XP level 1. HP: 10/10 MP: 3/3
     0 | D:1      | magus.rc [v1.9.6]
   206 | D:1      | Reached skill level 1 in Transmutations
   206 | D:1      | Reached XP level 2. HP: 15/15 MP: 3/5
   207 | D:1      | You pick up a book of the Tundra and begin reading...
   207 | D:1      | You add the spells Hailstorm, Summon Ice Beast and
                  | Simulacrum to your library.
   303 | D:1      | magus.rc [v1.9.6]
   317 | D:1      | Reached skill level 4 in Earth Magic
   410 | D:1      | You pick up a book of Burglary and begin reading...
   410 | D:1      | You add the spells Ensorcelled Hibernation and Swiftness to
                  | your library.
  1070 | D:2      | Reached XP level 3. HP: 15/19 MP: 4/6
  1218 | D:2      | Noticed Robin
  1229 | D:2      | HP: 4/19 [goblin/+0 dagger[Robin] (2)]
  1234 | D:2      | Slain by a goblin

Vanquished Creatures
  2 adders (D:2)
  A dart slug (D:2)
  5 ball pythons (D:1)
  6 endoplasms (D:1)
  3 hobgoblins
  2 kobolds (D:1)
  A quokka (D:1)
  3 bats (D:1)
  2 frilled lizards
  3 goblins
  A rat (D:1)
29 creatures vanquished.

Table legend:
 A = Non-vault XP
 B = Vault XP
 C = Vault XP percentage of total XP
 D = Non-vault monster count
 E = Vault monster count
 F = Vault count percentage of total count
                 A         B        C        D         E       F
            +---------+---------+-------+---------+---------+-------
      Total |      66 |       5 |   7.0 |      26 |       3 |  10.3
            +---------+---------+-------+---------+---------+-------
        D:1 |      33 |       0 |   0.0 |      21 |       0 |   0.0
        D:2 |      33 |       5 |  13.2 |       5 |       3 |  37.5
            +---------+---------+-------+---------+---------+-------

Skill      XL: |  1  2 |
---------------+-------+-----
Transmutations | 1 |  1.2
Earth Magic    | 4 |  4.5
Dodging        | |  1.9
Stealth        | |  2.6
Spellcasting   | |  2.2

Action                     || total
---------------------------++-------
   Cast: Sandblast         ||    42
 Armour: Robe              ||    18
  Dodge: Dodged            ||    15

Illustrated notes

Table legend:
 A = Kills in this place as a percentage of kills in the entire game.
 B = Kills by you in this place as a percentage of kills by you in the entire game.
 C = Kills by friends in this place as a percentage of kills by friends in the entire game.
 D = Other kills in this place as a percentage of other kills in the entire game.
 E = Experience gained in this place as a percentage of experience gained in the entire game.
 F = Experience gained in this place divided by the number of levels of this place that you have seen.
                   A       B       C       D       E      F
               +-------+-------+-------+-------+-------+----------------------
         Total | 100.0 | 100.0 |   N/A |   N/A | 100.0 |  35.5
       Dungeon | 100.0 | 100.0 |   N/A |   N/A | 100.0 |  35.5
               +-------+-------+-------+-------+-------+----------------------

Table legend: (Time is in decaauts)
 A = Elapsed time spent in this place.
 B = Non-inter-level travel time spent in this place.
 C = Inter-level travel time spent in this place.
 D = Time resting spent in this place.
 E = Time spent auto-exploring this place.
 F = Levels seen in this place.
 G = Mean time per level.
                   A        B        C        D        E       F      G
               +--------+--------+--------+--------+--------+-----+--------+
         Total |   1253 |   1198 |     55 |    154 |    241 |   2 |  626.5 |
       Dungeon |   1253 |   1198 |     55 |    154 |    241 |   2 |  626.5 |
               +--------+--------+--------+--------+--------+-----+--------+

Top non-repeatable levels by time:
     D:1: 1077 daAuts
     D:2: 176 daAuts
